 Dungeon Crawl Stone Soup version 0.18.1-6-gd335043 (webtiles) character file.

1332 Guinours the Shield-Bearer (level 8, 0/44 HPs)
             Began as a Gargoyle Fighter on May 17, 2016.
             Incinerated by a smoke demon (4 damage)
             ... with a sticky flame
             ... on level 7 of the Dungeon.
             The game lasted 00:44:33 (6637 turns).

Guinours the Shield-Bearer (Gargoyle Fighter)       Turns: 6637, Time: 00:44:33

Health: 0/44       AC: 15    Str: 22    XL:     8   Next: 61%
Magic:  8/8        EV:  5    Int:  9    God:    Xom [......]
Gold:   356        SH: 10    Dex:  8    Spells: 0 memorised, 7 levels left

rFire  + . .     SeeInvis .     a - +1 war axe
rCold  . . .     Gourm    .     H - +0 plate armour
rNeg   + . .     Faith    .     c - +0 shield
rPois  ∞         Spirit   .     (no helmet)
rElec  +         Dismiss  .     (no cloak)
rCorr  .         Reflect  .     m - +0 pair of gloves {Dex+3}
SustAt .         Harm     .     M - +0 pair of boots
MR     .....                    (no amulet)
Stlth  ..........               h - ring of poison resistance
                                k - ring of protection from fire

@: liquid flames, glowing, not resistant to hostile enchantments, extremely
unstealthy
A: clumsy 2, deformed body, frail 1, negative energy resistance 1, electricity
resistance, unbreathing, petrification resistance, rot immunity, AC +5
a: Renounce Religion


You were on level 7 of the Dungeon.
You worshipped Xom.
You were a very special plaything of Xom.
You were not hungry.

You visited 1 branch of the dungeon, and saw 7 of its levels.

You collected 404 gold pieces.
You spent 48 gold pieces at shops.

Inventory:

Hand Weapons
 a - a +1 war axe (weapon)
Missiles
 u - 4 tomahawks (quivered)
Armour
 b - a +0 scale mail
 c - a +0 shield (worn)
 m - a +0 pair of gloves of dexterity (worn)
 H - a +0 plate armour (worn)
 M - a +0 pair of boots (worn)
Jewellery
 h - a ring of poison resistance (right hand)
 k - a ring of protection from fire (left hand)
 s - a +2 ring of intelligence
 w - an uncursed ring of stealth
 G - a cursed ring of loudness
Wands
 y - a wand of hasting (9/9)
 F - a wand of disintegration (18/24)
 K - a wand of random effects (24/48)
Scrolls
 g - a scroll of teleportation
 i - a scroll of random uselessness
 l - 3 scrolls of recharging
 n - a scroll of blinking {unknown}
 o - 2 scrolls of enchant weapon
 p - 10 scrolls of remove curse
 t - a scroll of identify
 x - a scroll of fog
Potions
 d - 3 potions of might
 e - 3 potions of heal wounds
 j - 3 potions of brilliance
 q - 2 potions of ambrosia {unknown}
 r - 4 potions of haste
 A - 2 potions of invisibility
 B - 2 potions of degeneration {unknown}
 C - 3 potions of lignification {unknown}
 E - a potion of curing {unknown}
 I - a potion of mutation {unknown}
 J - a potion of flight {unknown}
 L - a potion of berserk rage {unknown}
Books
 v - a book of Changes

   Spells                             Type                      Level
   a - Beastly Appendage              Transmutation                1
   b - Sticks to Snakes               Transmutation                2
   c - Spider Form                    Transmutation/Poison         3
   d - Ice Form                       Ice/Transmutation            4
   e - Blade Hands                    Transmutation                5
Comestibles
 f - 6 bread rations
 z - 3 meat rations
 N - a beef jerky


   Skills:
 + Level 5.2 Fighting
 * Level 5.4 Axes
 + Level 5.9 Armour
 + Level 2.2 Dodging
 + Level 6.7 Shields


You had 7 spell levels left.
You didn't know any spells.

Dungeon Overview and Level Annotations

Branches:
Dungeon (7/15)             Temple (0/1) D:4

Altars:
Dithmenos
Kikubaaqudgha
Makhleb
Pakellas
Qazlal
Xom
Yredelemnul

Shops:
D:5 *


Innate Abilities, Weirdness & Mutations

You are resistant to torment.
Your stone body is resilient (AC +5).
You are immune to poison.
You resist negative energy.
You are resistant to electric shocks.
You can survive without breathing.
You are immune to petrification.
You are immune to rotting.
You are very clumsy. (Dex -4)
Armour fits poorly on your strangely shaped body.
You are frail (-10% HP).


Message History

The smoke demon hits you but does no damage. x3
You are covered in liquid flames!
* * * LOW HITPOINT WARNING * * *
There is an open door here.
You slash the smoke demon!
The smoke demon is almost dead.
You are covered in liquid flames!
* * * LOW HITPOINT WARNING * * *
The smoke demon gestures at you. The sticky flame hits you! You resist.
You are covered in liquid flames!
* * * LOW HITPOINT WARNING * * *
The smoke demon gestures at you. You block the ball of steam.
All of the chunks of flesh in your inventory have rotted away.
You hit the smoke demon but do no damage.
The smoke demon is almost dead.
You are covered in liquid flames!
You die... "Huh?
Did I miss anything?"

.........#.........
.........#.........
.).......#.......##
###+######.......#
........#........#
........#........#
........#..<.....#
........'.......3#
..##############@#
#......# #..# #......#
#........# #......#
#........# #......#
#........#
#......########.......#
.####+#.......#.......#
......#.......#.......#
......#.......#.......#


You could see a smoke demon.

Vanquished Creatures
  Duvessa (D:5)
  A sky beast (D:6)
  A boggart (shapeshifter) (D:6)
  A necrophage (D:6)
  Blork the orc (D:4)
  2 scorpions
  6 crimson imps
  A wasp zombie (D:7)
  A quasit (D:5)
  An orc wizard (D:7)
  A giant frog skeleton (D:5)
  2 iguanas (D:4)
  An iron imp (D:5)
  6 worker ants
  2 hound zombies (D:6)
  6 adders
  2 river rats (D:3)
  A shadow imp (D:5)
  2 adder skeletons
  5 dart slugs
  6 giant geckos
  12 orcs
  2 ball pythons
  8 giant cockroaches
  4 goblins
  5 hobgoblins
  9 jackals
  8 kobolds
  A quokka (D:2)
  11 bats
  3 giant newts
  13 rats
126 creatures vanquished.

Vanquished Creatures (collateral kills)
  Dowan (D:5)
1 creature vanquished.

Vanquished Creatures (others)
  Natasha (D:4)
1 creature vanquished.

Grand Total: 128 creatures vanquished

Notes
Turn   | Place    | Note
--------------------------------------------------------------
     0 | D:1      | Guinours the Gargoyle Fighter began the quest for the Orb.
     0 | D:1      | Reached XP level 1. HP: 14/14 MP: 1/1
    83 | D:1      | Reached XP level 2. HP: 19/19 MP: 2/2
   298 | D:1      | Reached XP level 3. HP: 13/23 MP: 3/3
  1960 | D:3      | Reached skill level 4 in Shields
  1960 | D:3      | Reached XP level 4. HP: 25/29 MP: 4/4
  2169 | D:3      | Found a glowing drain.
  2732 | D:3      | Reached skill level 1 in Dodging
  2749 | D:4      | Reached XP level 5. HP: 33/33 MP: 5/5
  2936 | D:4      | Found a shimmering altar of Xom.
  2945 | D:4      | Became a worshipper of Xom of Chaos
  2949 | D:4      | Noticed Blork the orc
  2974 | D:4      | Killed Blork the orc
  2974 | D:4      | Reached XP level 6. HP: 9/38 MP: 6/6
  3301 | D:4      | Reached skill level 5 in Shields
  3444 | D:4      | XOM: harmless Pois miscast
  3505 | D:4      | Found a staircase to the Ecumenical Temple.
  3516 | D:4      | Noticed Natasha
  3532 | D:4      | XOM: potion effect (agility)
  3536 | D:4      | XOM: potion effect (invisibility)
  3539 | D:4      | Killed Natasha
  3744 | D:4      | XOM: harmless Erth miscast
  3773 | D:4      | XOM: harmless Air miscast
  3851 | D:4      | XOM: potion effect (haste)
  3859 | D:4      | Reached XP level 7. HP: 43/43 MP: 7/7
  3867 | D:4      | XOM: colour smoke trail
  3929 | D:4      | Found a shadowy altar of Dithmenos.
  3969 | D:4      | Found a stormy altar of Qazlal.
  4105 | D:5      | Entered Level 5 of the Dungeon
  4105 | D:5      | Found Loeph's Assorted Antiques.
  4145 | D:5      | Bought a scroll of identify for 48 gold pieces
  4252 | D:5      | XOM: potion effect (brilliance)
  4254 | D:5      | XOM: enchant monster (good)
  4255 | D:5      | XOM: polymorph crimson imp -> iron imp
  4374 | D:5      | XOM: medium Pois miscast
  4550 | D:5      | Noticed Dowan
  4552 | D:5      | Noticed Duvessa
  4553 | D:5      | XOM: harmless Chrm miscast
  4597 | D:5      | XOM: summons friendly iron imp
  4599 | D:5      | Killed Dowan
  4599 | D:5      | Reached skill level 5 in Armour
  4615 | D:5      | Killed Duvessa
  4615 | D:5      | Reached skill level 6 in Shields
  4969 | D:5      | XOM: vitrification
  4995 | D:5      | Found an oddly glowing altar of Pakellas.
  5080 | D:5      | XOM: cast spell 'Warp Weapon'
  5083 | D:5      | Reached XP level 8. HP: 48/48 MP: 8/8
  5297 | D:6      | XOM: polymorph centaur -> ooze
  5316 | D:6      | Reached skill level 5 in Fighting
  5316 | D:6      | Reached skill level 5 in Axes
  5362 | D:6      | XOM: confusion (+ monsters)
  5374 | D:6      | XOM: mild Chrm miscast
  5768 | D:6      | XOM: summons friendly shadow imp
  5854 | D:6      | XOM: enchant monster (good)
  6004 | D:6      | XOM: give mutations
  6004 | D:6      | Gained mutation: Armour fits poorly on your strangely shaped body. [Xom's mischief]
  6004 | D:6      | Gained mutation: You are frail (-10% HP). [Xom's mischief]
  6004 | D:6      | Gained mutation: You are clumsy. (Dex -2) [Xom's mischief]
  6004 | D:6      | Gained mutation: You are very clumsy. (Dex -4) [Xom's mischief]
  6207 | D:7      | Found a burning altar of Makhleb.
  6207 | D:7      | Found a basalt altar of Yredelemnul.
  6212 | D:7      | Found an ancient bone altar of Kikubaaqudgha.
  6621 | D:7      | XOM: summons 3 hostile demons
  6622 | D:7      | Noticed a smoke demon
  6637 | D:7      | Incinerated by a smoke demon

Skill      XL: |  1  2  3  4  5  6  7  8 |
---------------+-------------------------+-----
Axes           | 2 3 4 5 |  5.4
Shields        | 4 5 6 |  6.7
Armour         | 4 5 |  5.9
Dodging        | 1 2 |  2.2
Fighting       | 4 5 |  5.2

Action                   |  1- 3 |  4- 6 |  7- 9 || total
-------------------------+-------+-------+-------++-------
Melee: War axe           |   141 |   252 |   275 ||   668
  Use: Scroll            |     4 |     1 |    10 ||    15
 Stab: Invisible         |       |     1 |       ||     1
  Eat: Chunk             |     4 |     1 |     6 ||    11
       Meat ration       |       |     1 |       ||     1
       Pizza             |       |       |     1 ||     1
       Beef jerky        |       |       |     1 ||     1
       Fruit             |       |       |     2 ||     2
Armor: Scale mail        |    90 |   139 |     3 ||   232
       Plate armour      |       |       |   261 ||   261
Dodge: Dodged            |    54 |    76 |    69 ||   199
Block: Shield            |    91 |   145 |   180 ||   416
